 Seeded DCSS version 0.27-a0-1200-g94dc6ad (webtiles) character file.

Game seed: 948035166313902534 (custom seed)

38 bananamous the Caller (level 3, 0/22 HPs)
             Began as an Octopode Summoner on May 30, 2021.
             Slain by Natasha (3 damage)
             ... on level 2 of the Dungeon.
             The game lasted 00:04:42 (2578 turns).

bananamous the Caller (Octopode Summoner)           Turns: 2578, Time: 00:04:43

Health: 0/22       AC:  1    Str:  8    XL:     3   Next: 43%
Magic:  6/6        EV:  8    Int: 17    God:
Gold:   117        SH:  9    Dex: 12    Spells: 5/6 levels left

rFire    . . .     SeeInvis .   a - +0 whip
rCold    . . .     Faith    .   c - +0 tower shield
rNeg     . . .     Spirit   .   (helmet restricted)
rPois    .         Reflect  .   (no amulet)
rElec    .         Harm     .   (no ring)
rCorr    .         Rampage  .   (no ring)
Will     .....                  (no ring)
Stlth    +++.......             (no ring)
HPRegen  0.07/turn              (no ring)
MPRegen  0.10/turn              (no ring)
                                (no ring)
                                (no ring)

@: no status effects
A: almost no armour, amphibious, 8 rings, camouflage 1, gelatinous body 1,
(nimble swimmer 1), tentacles
a: no special abilities


You were on level 2 of the Dungeon.
You visited 1 branch of the dungeon, and saw 2 of its levels.

You collected 117 gold pieces.

Inventory:

Hand Weapons
 a - a +0 whip (weapon)
Armour
 c - a +0 tower shield (worn)
 e - a +0 helmet
Scrolls
 b - a scroll of teleportation {unknown}
Potions
 d - 2 potions of lignification {unknown}


   Skills:
 + Level 0.5 Fighting
 + Level 0.5 Maces & Flails
 + Level 2.3 Dodging
 * Level 3.2 Stealth
 + Level 0.1 Unarmed Combat
 + Level 2.0 Spellcasting
 + Level 4.5 Summonings


You had 5 spell levels left.
You knew the following spells:

 Your Spells              Type           Power      Damage    Failure   Level
a - Summon Small Mammal   Summ           68%        N/A       61%         1

Your spell library contained the following spells:

 Spells                   Type           Power      Damage    Failure   Level
 Call Imp                 Summ           17%        N/A       75%         2
 Call Canine Familiar     Summ           17%        N/A       93%         3
 Magic Dart               Conj           4%         1d3       99%         1
 Summon Guardian Golem    Hex/Summ       9%         N/A       99%         3
 Blink                    Tloc           N/A        N/A       100%        2
 Slow                     Hex            1%         N/A       100%        2
 Conjure Flame            Conj/Fire      1%         6-21      100%        3
 Mephitic Cloud           Conj/Pois/Air  1%         N/A       100%        3
 Summon Ice Beast         Ice/Summ       9%         N/A       100%        4
 Summon Lightning Spire   Summ/Air       9%         N/A       100%        4


Dungeon Overview and Level Annotations

Branches:
Dungeon (2/15)

Altars:

Annotations:
D:2 Natasha


Innate Abilities, Weirdness & Mutations

You cannot wear most types of armour.
You are amphibious.
You can wear up to eight rings at the same time.
Your skin changes colour to match your surroundings (Stealth+).
Your rubbery body absorbs attacks. (AC +1, EV +1)
((You are camouflaged near water. (Stealth+)))
You have tentacles for arms and can constrict up to eight enemies at once.


Message History

You barely miss the quokka. Your grab misses the quokka.
The quokka bites you. x2
You hit the quokka but do no damage. Your grab misses the quokka.
The quokka barely misses you.
Unknown command.
You hit the quokka but do no damage. You grab the quokka.
You constrict the quokka. The quokka closely misses you.
You block the quokka's attack.
Your shield prevents you from hitting the quokka.
The quokka is moderately wounded.
You constrict the quokka. You block the quokka's attack.
The quokka closely misses you.
You hit the quokka but do no damage.
The quokka is severely wounded.
You constrict the quokka.
You kill the quokka!
No target in view!
No target in view!
No target in view!
You see here a bat corpse.
d - 2 emerald potions (gained 1) Natasha, Servant of Life and Death comes into view.
The helpless Natasha fails to defend herself.
You hit Natasha. Your grab misses Natasha.
Natasha is moderately wounded.
Natasha howls an incantation.
Natasha glows brightly for a moment.
Natasha claws you! Natasha claws you.
You are too injured to fight recklessly!
You are too injured to fight recklessly!
You are too injured to fight recklessly!
Your shield prevents you from hitting Natasha.
You grab Natasha. You squeeze Natasha, but do no damage.
Natasha is moderately wounded.
You constrict Natasha, but do no damage.
Natasha claws you!
* * * LOW HITPOINT WARNING * * *
You hit Natasha.
Natasha is heavily wounded.
You constrict Natasha. Natasha claws you.
You die...

..............
.............#.
.###........#.
..##....###.#. #.##....#
#.#. #.##....# #.#.
#.##....###.#.
###########..#..........
.......@................
###...h...........###..#
............#.#...# #..#
.##...#######.#...# #..#
#... #.....# #... #...
##....# ##.# #.. ....#
#.# #.. ....# #.#
....####.#


You could see Natasha.

Vanquished Creatures
  A worm (D:2)
  A bat (D:2)
  A giant cockroach (D:1)
  2 hobgoblins (D:1)
  8 jackals (D:1)
  7 kobolds
  A quokka (D:2)
  4 ball pythons (D:1)
  A frilled lizard (D:1)
  2 goblins (D:1)
  A rat (D:1)
29 creatures vanquished.

Notes
Turn   | Place    | Note
-------+----------+-------------------------------------------
     0 | D:1      | bananamous the Octopode Summoner began the quest for the
                  | Orb.
     0 | D:1      | Reached XP level 1. HP: 11/11 MP: 3/3
   627 | D:1      | Reached XP level 2. HP: 17/17 MP: 5/5
  1621 | D:1      | Reached XP level 3. HP: 21/21 MP: 6/6
  1851 | D:2      | Found a faded altar of an unknown god.
  1885 | D:2      | HP: 1/21 [worm (7)]
  2569 | D:2      | Noticed Natasha
  2578 | D:2      | Slain by Natasha

Illustrated notes

Levels and vault maps discovered:
D:1:      tarquinn_simple_flora_water_e, layout_basic,
          chequers_serial_rivers_micro_b, minmay_misc_feat_tiny,
          minmay_tetromino_t2
D:2:      layout_basic, hellmonk_ecumenical_altar_run_dry, uniq_natasha

Skill      XL: |  1  2 |
---------------+-------+-----
Stealth        | 3 |  3.2
Fighting       | |  0.5
Maces & Flails | |  0.5
Dodging        | |  2.3
Unarmed Combat | |  0.1
Spellcasting   | |  2.0
Summonings     | |  4.5

Action                   || total
-------------------------++-------
Melee: Unarmed           ||    14
       Whip              ||    75
       Constrict         ||    26
       Tentacles         ||    14
 Stab: Sleeping          ||     6
Armor: Skin              ||     5
Dodge: Dodged            ||    38
Block: Tower shield      ||    18

Table legend: (Time is in decaauts)
 A = Elapsed time spent in this place.
 B = Non-inter-level travel time spent in this place.
 C = Inter-level travel time spent in this place.
 D = Time resting spent in this place.
 E = Time spent auto-exploring this place.
 F = Levels seen in this place.
 G = Mean time per level.
                   A        B        C        D        E       F      G
               +--------+--------+--------+--------+--------+-----+--------+
         Total |   2599 |   2591 |      8 |   1175 |   1095 |   2 | 1299.5 |
       Dungeon |   2599 |   2591 |      8 |   1175 |   1095 |   2 | 1299.5 |
               +--------+--------+--------+--------+--------+-----+--------+

Top non-repeatable levels by time:
     D:1: 1862 daAuts
     D:2: 737 daAuts
